[Event "*** Titled Tuesday Blitz"]
[Site "Chess.com"]
[Date "2020.05.19"]
[Round "5"]
[White "LiamVrolijk"]
[Black "Bathory44"]
[Result "1-0"]
[WhiteElo "2820"]
[BlackElo "2581"]
[TimeControl "180+1"]
[EndTime "12:58:59 PDT"]
[Termination "LiamVrolijk won by resignation"]

1. d4 Nf6 2. c4 g6 3. Nc3 Bg7 4. e4 d6 5. Be2 O-O 6. Be3 e5 7. d5 Na6 8. g4 Nc5 9. f3 h5 10. g5 Nh7 11. h4 f6 12. gxf6 Bxf6 13.
Bf2 Be7 14. Kd2 Rf4 15. Qe1 c6 16. Kc2 cxd5 17. Nxd5 Ne6 18. Nxf4 Nxf4 19. Rd1 b5 20. Kb1 Be6 21. c5 d5 22. exd5 Nxd5 23. Bd3 Qe8 24. Ne2 Nf8 25. Nc3 Nxc3+ 26. Qxc3 Qf7 27. a3 a5 28. Bxb5 Rb8 29. a4 e4 30. fxe4 Qxf2 31.
c6 Bf6 32. e5 Qf5+ 33. Bd3 Qxe5 34. Qxe5 Bxe5 35. Bb5 Bf5+ 36. Ka1 Ne6 37. Rhe1 Bg3 38. Re3 Bf4 39. Rc3 Nc7 40. Bc4+ Kg7 41. Rb3 Re8 42. Rb7 Re4 43. Bb3 Re3 44. Ka2 Be5 45. Rd8 Kf6 46.
Rf8+ Ke7 47. Rf7+ Kd6 48. Rfxc7 Re1 49. Rd7+ Kxc6 50. Rf7 Bb1+ 51. Ka1 Bc2+ 52. Ka2 Bb1+ 53. Ka1 Kc5 54. Rb5+ Kd6 55. Rd5+ Kc6 56. Rxe5 Be4+ 57.
Ka2 Bb1+ 58. Ka3 Rxe5 59. Rf6+ Kc5 60. Rxg6 Re3 61. Rg5+ Kb6 62. Rxh5 Bc2 63. Rb5+ Ka6 64. Ka2 Bd3 65. Rc5 Rh3 66. Bc4+ Kb6 67. Rb5+ Kc6 68. Bxd3 Rxd3 69. h5 Rh3 70. Rxa5 Kb6 71. Rb5+ Ka6 72. b3 Rh2+ 73. Ka3 Rh3 74. Rc5 Rh4 75. Rg5 Rh3 76. a5 Rh4 77. b4 Rh3+ 78. Ka4 Rh1 79. Rg6+ Ka7 80. Rg7+ Ka8 81. Rh7 Ra1+ 82. Kb5 Rh1 83. Kb6 1-0

[Event "*** Titled Tuesday Blitz"]
[Site "Chess.com"]
[Date "2020.05.19"]
[Round "5"]
[White "BogdanDeac"]
[Black "ManuDavid2910"]
[Result "1-0"]
[WhiteElo "2987"]
[BlackElo "2688"]
[TimeControl "180+1"]
[EndTime "12:59:02 PDT"]
[Termination "BogdanDeac won by resignation"]

1. Nf3 Nf6 2. c4 e6 3. Nc3 d5 4. e3 c5 5. cxd5 exd5 6. d4 Nc6 7. Bb5 cxd4 8. Nxd4 Bd7 9. Nf3 Be6 10. O-O Bd6 11. b3 O-O 12. Bb2 Rc8 13. Rc1 h6 14. Ne2 Ne4 15. Ned4 Bd7 16. Be2 Re8 17. Nb5 Be6 18. Nxd6 Qxd6 19. Nd4 Bd7 20. Nxc6 Bxc6 21. Qd4 Nf6 22. Bd3 a6 23. a4 Rc7 24. Rc2 Ree7 25.
Rfc1 Ne8 26. Qb6 Re6 27. Bf5 Ree7 28. Bd4 Qd8 29. Bd3 Re6 30. Qa5 Qc8 31. Bf5 Rce7 32. b4 Qd7 33. Bxe6 Rxe6 34. b5 axb5 35. axb5 Bxb5 36.
Rc8 Bc6 37. Qd8 Qxd8 38. Rxd8 Kh7 39. Ra1 Nd6 40. Bc5 Ne4 41. Bd4 Nd6 42. h3 Nf5 43.
Rd1 Ba4 44. Rd2 Bc6 45. Kh2 Nd6 46. Ra2 Nf5 47. Bc3 Re4 48. Rd2 h5 49. Bd4 Kg6 50.
Rc8 Re6 51. Ra8 Nd6 52. Ra1 Ne4 53. Rb2 Nd6 54. Rg1 Nf5 55. Rd2 Nd6 56. g4 h4 57.
f4 Kh7 58. f5 Re4 59. Rf2 Nc4 60. Re1 b5 61. Rf4 Re8 62. g5 Ne5 63. Rxh4+ Kg8 64. Kg2 b4 65. Rb1 Nd3 66. Kf3 Ba4 67. g6 fxg6 68.
fxg6 Bc2 69. Ra1 b3 70. Ra7 Ne1+ 71. Ke2 Ng2 72. Rxg7+ 1-0

[Event "*** Titled Tuesday Blitz"]
[Site "Chess.com"]
[Date "2020.05.19"]
[Round "5"]
[White "ChessWarrior7197"]
[Black "Escanor89"]
[Result "1-0"]
[WhiteElo "2916"]
[BlackElo "2571"]
[TimeControl "180+1"]
[EndTime "12:59:02 PDT"]
[Termination "ChessWarrior7197 won on time"]

1. e4 c5 2. Nf3 d6 3. d4 cxd4 4. Qxd4 Nc6 5. Qe3 Nf6 6. Be2 e6 7. O-O Be7 8. c4 O-O 9. Nc3 a6 10. b3 b6 11. Bb2 Bb7 12. Rfd1 Qc7 13. h3 Nb8 14. Rac1 Nbd7 15. Bd3 Rac8 16. Bb1 Rfe8 17. Na4 Nc5 18. Nxc5 dxc5 19. e5 Nd7 20. Bxh7+ Kxh7 21.
Qd3+ Kg8 22. Qxd7 Bxf3 23. gxf3 Bg5 24. Qxc7 Rxc7 25. Rc3 b5 26. Rcd3 Kh7 27. Kg2 Kg6 28.
Rd6 Ra8 29. Bc3 Kf5 30. Rd7 Raa7 31. Rxc7 Rxc7 32. Rd6 b4 33. Bb2 Bf4 34. Rxa6 Bxe5 35. Bc1 Bd4 36. Ra5 e5 37. Be3 f6 38. h4 Rd7 39.
Kg3 g6 40. Ra8 Rc7 41. Ra5 Rd7 42. Kg2 Rc7 43. Kf1 Rh7 44. Ke2 Rxh4 45. Bxd4 cxd4 46. c5 Rh8 47. c6 Rc8 48. Ra6 g5 49. Kd3 g4 50.
fxg4+ Kxg4 51. Ke4 Re8 52. c7 f5+ 53. Kd5 d3 54. Rd6 Rc8 55. Kxe5 Rxc7 56. Rxd3 Rc2 57. f3+ Kg5 58. Rd4 Re2+ 59. Kd5 Rxa2 60. f4+ Kg4 61. Rxb4 Rf2 62. Ke5 Re2+ 63. Kf6 Rc2 64. Ke6 Re2+ 65.
Kf6 Rc2 66. Ke7 Re2+ 67. Kd6 Re4 68. Rb8 Kxf4 69. b4 Re1 70. b5 1-0

[Event "*** Titled Tuesday Blitz"]
[Site "Chess.com"]
[Date "2020.05.19"]
[Round "5"]
[White "mamey78"]
[Black "turayev_shahruh17"]
[Result "1-0"]
[WhiteElo "2380"]
[BlackElo "2517"]
[TimeControl "180+1"]
[EndTime "12:59:02 PDT"]
[Termination "mamey78 won by checkmate"]

1. e4 e5 2. Nf3 Nc6 3. Bb5 f5 4. d3 fxe4 5. dxe4 d6 6. Nc3 Nf6 7. h3 Be7 8. Qe2 O-O 9. Bg5 Be6 10. O-O-O Nh5 11. h4 Nd4 12. Nxd4 Bxg5+ 13. hxg5 Nf4 14.
Nxe6 Nxe2+ 15. Bxe2 Qe7 16. Nxf8 Qxg5+ 17. Kb1 Rxf8 18. Bf3 h6 19. Nd5 Rf7 20. Rh5 Qg6 21. Rf5 Rd7 22. Bh5 Qxg2 23. Rf3 c6 24. Nf6+ gxf6 25.
Rg3+ Rg7 26. Rxg2 Rxg2 27. f3 Rg3 28. c4 Kf8 29. Rxd6 Ke7 30. c5 Rg5 31. Bg4 h5 32. Bf5 Rg3 33. Rd7+ Kf8 34. Rxb7 Rxf3 35. Rxa7 h4 36. Rh7 Rf1+ 37. Kc2 Rf2+ 38. Kc3 Rf3+ 39. Kb4 Rf2 40. Ka3 Rh2 41. b4 Kg8 42. Kb3 Rh1 43.
a4 Rb1+ 44. Kc3 Ra1 45. Rxh4 Rxa4 46. Rh6 Ra3+ 47. Kc4 Ra1 48. Rxf6 Rc1+ 49. Kb3 Kg7 50. Rxc6 Rd1 51. Rd6 Re1 52. Kc4 Re3 53. Kd5 Kf7 54. Kxe5 Rc3 55. Rd7+ Ke8 56. Rd5 Kf8 57. Kd6 Kg7 58. c6 Kh6 59. c7 Ra3 60. Rc5 Ra6+ 61. Rc6 Ra3 62. Kd7+ Kg5 63. c8=Q Kf4 64. Rd6 Rd3 65.
Qc5 Rf3 66. Rd4 Kg3 67. Qd6+ Kg2 68. e5 Kh1 69. Rd2 Re3 70. Qd5+ Kg1 71. Qg2# 1-0

[Event "*** Titled Tuesday Blitz"]
[Site "Chess.com"]
[Date "2020.05.19"]
[Round "5"]
[White "Roman_Ovetchkin"]
[Black "Oleksandr_Bortnyk"]
[Result "0-1"]
[WhiteElo "2623"]
[BlackElo "2983"]
[TimeControl "180+1"]
[EndTime "12:59:10 PDT"]
[Termination "Oleksandr_Bortnyk won on time"]

1. d4 d6 2. e4 Nf6 3. Nc3 Nbd7 4. f4 e5 5. Nf3 exd4 6. Qxd4 c6 7. Bc4 d5 8. exd5 Bc5 9. Qd3 O-O 10. dxc6 Re8+ 11. Kf1 bxc6 12. Bd2 Nb6 13. Qxd8 Rxd8 14. Bd3 Be6 15.
Re1 Nc4 16. Bc1 Nd6 17. Ng5 Bc4 18. Bxc4 Nxc4 19. Ke2 Bd4 20. Kf3 Rab8 21. Nge4 Nxe4 22. Rxe4 Nxb2 23. Bxb2 Rxb2 24. Rd1 c5 25. Ne2 f5 26. Re7 Rxc2 27. Nxd4 cxd4 28. Rxa7 d3 29. Ra3 d2 30.
Ke2 Rd4 31. g3 Kf7 32. Rd3 Re4+ 33. Re3 Rd4 34. Rd3 Rxd3 35. Kxd3 Rxa2 36. Rxd2 Ra1 37. Ke3 Kg6 38. Kf3 Kh5 39. Rd7 Kh6 40. Rf7 Ra3+ 41. Kg2 g6 42. Kh3 Ra2 43. Re7 Rb2 44. Rf7 Rb3 45. Re7 Rb8 46. Rf7 Re8 47. Rd7 Rh8 48.
Rc7 Kh5 49. Rc5 Kh6 50. Rc7 Re8 51. Rb7 Re3 52. Rc7 Rd3 53. Rb7 Rd2 54. Rc7 Re2 55. Rb7 Re1 56. Rc7 Rd1 57. Rb7 Rd8 58. Rc7 Rg8 59.
Rb7 Rg7 60. Rb5 Re7 61. Ra5 Kg7 62. Rb5 Kf6 63. Rb6+ Kf7 64. Ra6 Re6 65. Ra7+ Re7 66. Ra6 Kg7 67. Rb6 h6 68. Ra6 Kf7 69. Rb6 Re6 70. Rb7+ Kf6 71. Rh7 h5 72. Ra7 Rc6 73. Ra5 Rc2 74. Ra6+ Kg7 75. Rb6 Kh6 76. Ra6 Rf2 77. Ra4 Kh7 78. Kh4 Kh6 79. h3 Rg2 80.
Ra6 Rg1 81. Rb6 Kg7 82. Rb7+ Kh6 83. Rb8 Rg2 0-1

[Event "*** Titled Tuesday Blitz"]
[Site "Chess.com"]
[Date "2020.05.19"]
[Round "5"]
[White "keepitcool9499"]
[Black "Grootneus"]
[Result "1-0"]
[WhiteElo "2463"]
[BlackElo "2217"]
[TimeControl "180+1"]
[EndTime "12:59:11 PDT"]
[Termination "keepitcool9499 won by resignation"]

1. d4 d5 2. c4 c6 3. cxd5 cxd5 4. Nc3 Nf6 5. Bf4 Nc6 6. Nf3 Bg4 7. e3 e6 8. Qb3 Qb6 9. Qxb6 axb6 10. Bb5 Bb4 11. Ne5 Rc8 12. Rc1 O-O 13. O-O Na5 14. Na4 Bd2 15. Rxc8 Rxc8 16. Bd3 Nc4 17. Bxc4 dxc4 18. Nxb6 Rd8 19. Nbxc4 Bb4 20. Bg5 Be2 21. Rb1 h6 22.
Bh4 g5 23. Bg3 Ne4 24. b3 b5 25. Nb2 Nc3 26. Ra1 Ra8 27. Nbd3 Bf8 28. a4 bxa4 29. bxa4 Rxa4 30. Rxa4 Nxa4 31. f3 f6 32. Kf2 Bd1 33.
Nd7 Be7 34. N3c5 Nxc5 35. Nxc5 Bxc5 36. dxc5 Ba4 37. Ke2 Kf7 38. Kd3 Bb5+ 39. Kc3 Ke7 40. Bd6+ Kd7 41. Kb4 Bc6 42. Ka5 f5 43. Kb6 g4 44. fxg4 fxg4 45. g3 h5 46. Bf4 Be4 47. Kb5 Bc6+ 48. Kc4 Be4 49. Kd4 Bc6 50. Ke5 Ke7 51.
Bg5+ Kd7 52. Kf6 Kc7 53. Bf4+ Kd7 54. Kg6 e5 55. Bxe5 Ke6 56. Bf4 Be8+ 57. Kg5 Bf7 58. Kh4 Be8 59. Bd6 Kd5 60. Kg5 Ke6 61. Kf4 Kd5 62. e4+ Ke6 63. e5 Bg6 64. Kg5 Be8 65.
Kh4 Kd5 66. h3 gxh3 67. Kxh3 Ke6 68. g4 hxg4+ 69. Kxg4 Kd5 70. Kf4 Bd7 71. Kg5 Be6 72.
Kf6 Bd7 73. Ke7 Be6 74. c6 Bg4 75. c7 Kc6 76. Kd8 Kb7 77. Ke7 Bc8 78. e6 Kc6 79. Bh2 Bb7 80. Kd8 Bc8 81. Kxc8 1-0

[Event "*** Titled Tuesday Blitz"]
[Site "Chess.com"]
[Date "2020.05.19"]
[Round "5"]
[White "vaishali2001"]
[Black "Olga_Girya"]
[Result "1-0"]
[WhiteElo "2627"]
[BlackElo "2429"]
[TimeControl "180+1"]
[EndTime "12:59:13 PDT"]
[Termination "vaishali2001 won on time"]

1. e4 c6 2. d4 d5 3. Nd2 dxe4 4. Nxe4 Bf5 5. Qf3 e6 6. Ne2 Bxe4 7. Qxe4 Nf6 8. Qd3 Bd6 9. Bf4 Bxf4 10. Nxf4 Nbd7 11.
O-O-O Qa5 12. Kb1 O-O-O 13. Be2 Nd5 14. Nxd5 Qxd5 15. Bf3 Qg5 16. h4 Qf6 17. Qa3 Kb8 18. Rd3 Nb6 19. Qc5 Rd7 20. Qg5 Rhd8 21. Qxf6 gxf6 22.
Rhd1 f5 23. b3 Nd5 24. c4 Nf6 25. Kc2 Kc7 26. Kc3 h6 27. a3 a5 28. g3 Rd6 29.
Re1 b6 30. Red1 R6d7 31. R1d2 Ne4+ 32. Bxe4 fxe4 33. Re3 f5 34. Ree2 Rg8 35. Re1 Rg4 36.
b4 axb4+ 37. axb4 Kd8 38. Ra2 Ke7 39. Ra6 e3 40. Rxe3 Rdxd4 41. Rxb6 Rxc4+ 42. Kb3 Kf6 43. f4 Rc1 44. Kb2 Rc4 45. Kb3 Rc1 46. b5 Rb1+ 47. Kc4 cxb5+ 48. Rxb5 Rxb5 49. Kxb5 Rg8 50. Kc5 Rd8 51. Kc4 Rd5 52. Kc3 Ra5 53. Kd4 Ra4+ 54. Kc5 Ra1 55. Kd6 Ra6+ 56. Kd7 Ra5 57. Rxe6+ Kg7 58. Re5 Ra7+ 59. Ke6 Ra3 60. Kxf5 Rxg3 61.
Re7+ Kf8 62. Rh7 Ra3 63. Rxh6 Kg7 64. Rg6+ Kh7 65. Rc6 Ra5+ 66. Kg4 Ra1 67. h5 Rg1+ 68. Kf5 Rh1 69. Kg5 Ra1 70. Rc7+ Kg8 71. f5 Ra5 72.
Kg6 Ra6+ 73. f6 Ra8 74. Rh7 1-0

[Event "*** Titled Tuesday Blitz"]
[Site "Chess.com"]
[Date "2020.05.19"]
[Round "5"]
[White "Jadeit90"]
[Black "Abdodi"]
[Result "1/2-1/2"]
[WhiteElo "2316"]
[BlackElo "2154"]
[TimeControl "180+1"]
[EndTime "12:59:15 PDT"]
[Termination "Game drawn by repetition"]

1. g3 g6 2. Bg2 Bg7 3. e4 d6 4. Nc3 Nf6 5. d4 O-O 6. Nge2 Nc6 7. O-O e5 8. d5 Ne7 9. a4 Nh5 10. a5 a6 11. b4 f5 12. b5 axb5 13. Nxb5 fxe4 14.
Bxe4 Bh3 15. Bg2 Bxg2 16. Kxg2 Qd7 17. c4 c6 18. dxc6 Qxc6+ 19. Kg1 Rad8 20. Bg5 Bf6 21. Bxf6 Rxf6 22. Qb3 Rf3 23. Qa2 Rdf8 24. a6 bxa6 25.
Qxa6 Qxc4 26. Nxd6 Qxa6 27. Rxa6 R3f6 28. Nc3 Nc8 29.
Nce4 Nxd6 30. Rxd6 Rxd6 31. Nxd6 Rd8 32. Ne4 Rd4 33. Re1 Kg7 34. Kg2 Nf6 35. Ng5 Rd5 36. Nf3 Nd7 37. Re4 Kf6 38. Ra4 Rd6 39. h4 h6 40. Ra5 Re6 41. Nd2 e4 42. Ra3 Nc5 43. Re3 Ke5 44. Nf3+ Kd5 45. Nd2 Kd4 46. Nb3+ Nxb3 47.
Rxb3 e3 48. fxe3+ Rxe3 49. Rb6 g5 50. Rxh6 gxh4 51. Rxh4+ Ke5 52. Rf4 Re1 53. Rf2 Ke6 54. g4 Ke7 55. Kg3 Rg1+ 56. Kh4 Rh1+ 57. Kg5 Rh8 58.
Rf3 Rg8+ 59. Kh4 Rh8+ 60. Kg3 Rg8 61. Kh4 Rh8+ 62. Kg3 Rg8 63. Rf1 Ke6 64. Kh4 Rh8+ 65. Kg5 Rg8+ 66. Kh5 Rh8+ 67. Kg5 Rg8+ 68. Kh4 Rh8+ 69.
Kg3 Rg8 70. Rf2 Ke5 71. Rf7 Ke6 72. Rf1 Ke5 73. Rf5+ Ke6 74. Kf4 Rh8 75. Ra5 Rf8+ 76. Kg5 Rg8+ 77. Kh4 Rh8+ 78. Kg3 Kf6 79. Ra6+ Kg7 80.
Kf4 Rf8+ 81. Kg5 Rf7 82. Kh5 Rb7 83. g5 Rc7 84. Rg6+ Kh7 85. Ra6 Kg7 86. Kg4 Rc4+ 87.
Kf5 Rc5+ 88. Kg4 Rc4+ 89. Kh5 Rc7 1/2-1/2

[Event "*** Titled Tuesday Blitz"]
[Site "Chess.com"]
[Date "2020.05.19"]
[Round "5"]
[White "ENEASZ"]
[Black "kleopl"]
[Result "1-0"]
[WhiteElo "2537"]
[BlackElo "2368"]
[TimeControl "180+1"]
[EndTime "12:59:17 PDT"]
[Termination "ENEASZ won by resignation"]

1. e4 d5 2. exd5 Qxd5 3. Nc3 Qd6 4. d4 Nf6 5. Nf3 c6 6. Ne5 Nbd7 7. Nc4 Qc7 8. g3 Nb6 9. Bf4 Qd8 10. Qd2 Bf5 11. Ne3 Bg6 12. Bg2 e6 13. a4 Nbd5 14. Nexd5 Nxd5 15. Bg5 Be7 16. Bxe7 Qxe7 17. O-O O-O 18.
Nxd5 cxd5 19. c3 Rab8 20. a5 b5 21. axb6 axb6 22. Ra2 b5 23. b4 Rfc8 24. Rfa1 Rc7 25. Ra8 Qd8 26. Rxb8 Qxb8 27. Bf1 Rc8 28. f3 h6 29. Ra5 Qc7 30. Ra3 Qc6 31. Kf2 f6 32. Qe3 Be8 33. h4 g5 34. Bh3 Bf7 35. f4 gxh4 36. gxh4 f5 37. Qg3+ Kf8 38. Bf1 Rc7 39. Ke1 Be8 40. Kd2 Rc8 41. Be2 Ra8 42. Rxa8 Qxa8 43.
Bd1 Qa2+ 44. Bc2 Qa1 45. Qe3 Kf7 46. Bd1 Qb2+ 47. Bc2 Qa1 48. Qe5 Qg1 49. Qc7+ Kf8 50.
Qd6+ Kf7 51. Qc7+ Kf8 52. Bd3 Qf2+ 53. Be2 Qxh4 54. Qd6+ Qe7 55. Qe5 Qf7 56. Qh8+ Ke7 57. Qxh6 Qf6 58. Qh7+ Qf7 59. Qh4+ Kd7 60. Bxb5+ Kd6 61.
Bxe8 Qxe8 62. Qf6 Kd7 63. Qg7+ Kd6 64. Qa7 Qh8 65. Qc5+ Kd7 66. Qa7+ Kd6 67. Qb6+ Ke7 68. Kc2 Qh2+ 69. Kb3 Qxf4 70. Qb7+ Kf6 71. b5 Qc1 72. b6 f4 73. Qc7 f3 74. b7 Qb1+ 75. Ka4 f2 76.
b8=Q Qa1+ 77. Kb4 Qb2+ 78. Ka4 Qa2+ 79. Kb4 Qb2+ 80. Kc5 Qxc3+ 81. Kd6 Qxc7+ 82. Kxc7 Kf5 83. Qf8+ Ke4 84. Qxf2 e5 85. dxe5 Kxe5 86. Kc6 d4 87.
Kc5 d3 88. Kc4 Ke4 89. Qd2 1-0

[Event "*** Titled Tuesday Blitz"]
[Site "Chess.com"]
[Date "2020.05.19"]
[Round "5"]
[White "Chessialist"]
[Black "Harsha_Bharathakoti"]
[Result "0-1"]
[WhiteElo "2556"]
[BlackElo "2754"]
[TimeControl "180+1"]
[EndTime "12:59:20 PDT"]
[Termination "Harsha_Bharathakoti won on time"]

1. e4 c5 2. Nf3 Nc6 3. d4 cxd4 4. Nxd4 e5 5. Nb5 d6 6. N1c3 a6 7. Na3 Be7 8. Nd5 Nf6 9. Nxf6+ Bxf6 10. c4 O-O 11.
Be2 Bg5 12. O-O Be6 13. Nc2 Rc8 14. b3 Bxc1 15. Rxc1 Qa5 16. a3 b5 17. b4 Qb6 18.
cxb5 axb5 19. Qxd6 Rfd8 20. Qc5 Qxc5 21. bxc5 Na5 22. Nb4 Nb3 23. Rc3 Rxc5 24. Rxc5 Nxc5 25. Bxb5 Nxe4 26. Nc6 Rd2 27. Nxe5 f6 28. Nf3 Ra2 29.
a4 Nc3 30. Nd4 Bd5 31. h4 Nxa4 32. Bxa4 Rxa4 33. Nf5 Kf7 34. Re1 Ra7 35. h5 g6 36.
Nd6+ Kg7 37. Ne8+ Kf7 38. h6 Rd7 39. Ng7 g5 40. Nf5 Kg6 41. Ne7+ Kxh6 42. Nxd5 Rxd5 43.
g3 Kg6 44. Kg2 h5 45. Ra1 Rd2 46. Ra6 Re2 47. Rb6 Kf5 48. Rb5+ Re5 49. Rb6 Rc5 50.
Ra6 h4 51. gxh4 gxh4 52. Ra4 Kg5 53. Kh3 Rc3+ 54. Kg2 f5 55. Ra8 h3+ 56. Kh2 Kg4 57. Rg8+ Kf4 58. Rh8 Rc2 59. Kg1 Kg4 60. Rg8+ Kf4 61.
Rh8 Rc1+ 62. Kh2 Kf3 63. Rxh3+ Kxf2 64. Ra3 Re1 65. Ra2+ Re2 66. Ra1 f4 67. Rb1 Rd2 68.
Ra1 Re2 69. Rb1 f3 70. Ra1 Re3 71. Ra2+ Kf1 72. Ra1+ Re1 73. Ra2 f2 74. Kg3 Re3+ 75. Kf4 Rb3 76. Ra1+ Kg2 77. Ra2 Kg1 78. Rxf2 Kxf2 0-1

[Event "*** Titled Tuesday Blitz"]
[Site "Chess.com"]
[Date "2020.05.19"]
[Round "5"]
[White "IMTominho"]
[Black "AminMolaei"]
[Result "0-1"]
[WhiteElo "2830"]
[BlackElo "2643"]
[TimeControl "180+1"]
[EndTime "12:59:23 PDT"]
[Termination "AminMolaei won by resignation"]

1. d4 e6 2. Nf3 f5 3. g3 b6 4.
Bg2 Bb7 5. O-O Nf6 6. c4 Be7 7.
Nc3 O-O 8. d5 a5 9. Bf4 Na6 10.
Nd4 Qc8 11. Rc1 Nc5 12. Ncb5 Ne8 13. Qc2 Bf6 14. Nb3 Nxb3 15. axb3 e5 16. Bd2 d6 17. e4 f4 18. gxf4 exf4 19. Bxf4 Be5 20. Bg3 Qg4 21.
Qd1 Qxd1 22. Rcxd1 Bxb2 23. f4 a4 24. bxa4 Rxa4 25.
Rb1 Ba3 26. Nxa3 Rxa3 27. e5 Bc8 28. Ra1 Rc3 29. Rfc1 Rxc1+ 30. Rxc1 g6 31. Ra1 Bg4 32. Ra7 Be2 33. Ra4 Ng7 34. Kf2 Bd1 35. Ra1 Bb3 36. Ra7 Rc8 37. Bh3 Nf5 38. Bf1 dxe5 39. fxe5 b5 40.
d6 cxd6 41. exd6 Nxg3 42. hxg3 bxc4 43. Bh3 Rd8 44. d7 Kf7 45. Rc7 Ke7 46. Ke3 Ba4 47. Rxc4 Bxd7 48. Bg2 Be6 49. Rc7+ Rd7 50. Rc5 Ra7 51. Be4 Kf6 52. Rc6 Ke5 53. Rc5+ Kf6 54. Rb5 Ra3+ 55. Kf2 g5 56. Bxh7 g4 57. Be4 Ra2+ 58. Ke3 Ra3+ 59. Kf4 Ra4 60. Rb6 Rc4 61. Ke3 Ke5 62. Bh7 Rc3+ 63. Kf2 Ra3 64. Rb5+ Bd5 65.
Rb2 Rf3+ 66. Ke1 Rxg3 67. Rb8 Re3+ 68. Kf2 Rf3+ 69. Ke2 Kf4 70. Rd8 Bc4+ 71. Ke1 Kg3 72. Rg8 Bf1 73. Rg7 Bh3 74. Be4 Re3+ 75. Kd2 Rxe4 76.
Kd3 Rf4 77. Ke3 Rf3+ 78. Ke2 Kh2 79. Ke1 Rg3 80. Kf2 Rg1 81. Ke2 Rg2+ 82. Ke3 g3 83. Kf3 Rf2+ 84. Ke3 Rf5 85. Ke4 g2 86. Rxg2+ Kxg2 0-1

[Event "*** Titled Tuesday Blitz"]
[Site "Chess.com"]
[Date "2020.05.19"]
[Round "5"]
[White "garicradomir"]
[Black "PotapovaM"]
[Result "1-0"]
[WhiteElo "2293"]
[BlackElo "2416"]
[TimeControl "180+1"]
[EndTime "12:59:25 PDT"]
[Termination "garicradomir won on time"]

1. e4 c5 2. Nf3 d6 3. Bb5+ Nd7 4.
Ba4 Nf6 5. O-O g6 6. Re1 Bg7 7. c4 O-O 8. Nc3 a6 9. d3 Ne5 10. a3 Bd7 11. Bxd7 Qxd7 12. Rb1 b5 13. b3 Nfg4 14. Nd5 Nxf3+ 15. Qxf3 Ne5 16. Qg3 Rab8 17. Bg5 f6 18. Bf4 Nc6 19. Be3 e6 20. Qh3 Ne5 21.
Nf4 Rfe8 22. Red1 Rb7 23. cxb5 Rxb5 24. d4 cxd4 25. Bxd4 Nc6 26. Ba1 Qe7 27. Rbc1 Ne5 28. b4 a5 29. Bxe5 fxe5 30. Nd3 axb4 31. Nxb4 Ra8 32.
Rc3 Rc5 33. Rcd3 Bf8 34. g3 Rc4 35. Qf1 Rxe4 36. Rxd6 Rxa3 37. Nc6 Qxd6 38. Rxd6 Bxd6 39. Qb5 Ra1+ 40. Kg2 Ree1 41. Nd8 Kf8 42. Qd7 Be7 43. Nxe6+ Kg8 44. Nd8 Rg1+ 45. Kh3 Bxd8 46. Qxd8+ Kf7 47.
Qd7+ Kg8 48. Qe6+ Kg7 49. Qxe5+ Kf7 50. Qc7+ Kg8 51. Qe7 Rgf1 52. f4 Rfe1 53. Qd8+ Kg7 54. Kg4 h5+ 55. Kh4 Rec1 56. Qe7+ Kg8 57. Qg5 Kf7 58. f5 gxf5 59. Qxf5+ Ke7 60. Qxh5 Kf6 61. Qh6+ Kf7 62. Qf4+ Ke6 63. h3 Ke7 64. Qe5+ Kf7 65. Kg5 Re1 66. Qc7+ Ke6 67. g4 Re5+ 68. Kg6 Ree1 69.
Qc6+ Ke5 70. h4 Rg1 71. g5 Rac1 72. Qb5+ Kd4 73. h5 Rh1 74. Qb4+ Ke5 75. Kh6 Rc6+ 76. g6 Rcc1 77. Qb5+ Ke4 78. Qg5 Rcg1 79. Qe7+ Kd5 80.
Qf7+ Ke5 81. g7 Rh2 82. g8=Q Rxg8 83. Qxg8 Rf2 84. Qg7+ Rf6+ 85. Qg6 Ke6 86. Kg7 1-0

[Event "*** Titled Tuesday Blitz"]
[Site "Chess.com"]
[Date "2020.05.19"]
[Round "5"]
[White "jonaszmb"]
[Black "Orest_Vovk"]
[Result "1-0"]
[WhiteElo "2521"]
[BlackElo "2359"]
[TimeControl "180+1"]
[EndTime "12:59:28 PDT"]
[Termination "jonaszmb won by checkmate"]

1. e4 Nf6 2. e5 Nd5 3. d4 d6 4. Bc4 dxe5 5. dxe5 c6 6. Nf3 g6 7. Nc3 Be6 8. Ng5 Bg7 9. Nxe6 fxe6 10. O-O O-O 11.
f4 b5 12. Bb3 Na6 13. Ne4 Qb6+ 14. Kh1 Nc5 15. Nxc5 Qxc5 16. Qg4 Rf5 17. Bd2 Raf8 18. g3 Kf7 19. Qe2 h5 20. c4 bxc4 21.
Bxc4 Nb4 22. Bxb4 Qxb4 23. Qe4 Qb6 24. Rfd1 Kg8 25. Bxe6+ Kh7 26. Bxf5 Rxf5 27. Rac1 Qxb2 28. Rxc6 Qxa2 29. h3 Qf2 30. Qg2 Qe3 31. Rcc1 h4 32. Re1 Qxg3 33. Qxg3 hxg3 34. Re4 Bh6 35. Rc7 Bxf4 36.
Rxe7+ Kh6 37. Kg2 Bg5 38. Rxa7 Rf2+ 39. Kxg3 Rb2 40. e6 Rb3+ 41. Kg2 Rb2+ 42. Kf1 Rb3 43.
e7 Bxe7 44. Raxe7 Rxh3 45. Kg2 Rb3 46. Re3 Rb2+ 47. Kg3 Rb4 48. R7e4 Rb5 49. Kf3 Rf5+ 50. Rf4 Ra5 51. Rg4 Rf5+ 52. Kg3 Ra5 53. Re6 Kh5 54. Rgxg6 Ra3+ 55. Kf2 Ra2+ 56. Ke3 Ra3+ 57. Kd2 Ra4 58. Rh6+ Kg5 59. Rhg6+ Kh5 60. Rgf6 Kg5 61. Rf8 Ra2+ 62. Kc3 Ra5 63. Ree8 Ra3+ 64. Kb4 Ra1 65. Rc8 Kg6 66. Rc4 Rb1+ 67. Kc5 Kg7 68. Rcf4 Rc1+ 69. Kd4 Rd1+ 70. Ke3 Re1+ 71. Kd2 Re7 72. R8f5 Kg6 73. Rf1 Rd7+ 74.
Ke3 Re7+ 75. Kd4 Ra7 76. R5f2 Ra4+ 77. Kc5 Ra5+ 78. Kb6 Rg5 79. Rf6+ Kg7 80. Rc6 Rg2 81. Rd1 Rb2+ 82. Kc7 Ra2 83. Rd7+ Kf8 84. Kd6 Rd2+ 85.
Ke6 Re2+ 86. Kf5 Re8 87. Rh6 Kg8 88. Rhh7 Ra8 89. Rdg7+ Kf8 90. Rh8+ Kxg7 91. Rxa8 Kh6 92. Ra7 Kh5 93. Rh7# 1-0

[Event "*** Titled Tuesday Blitz"]
[Site "Chess.com"]
[Date "2020.05.19"]
[Round "5"]
[White "Alliswell998"]
[Black "anon569"]
[Result "1-0"]
[WhiteElo "2503"]
[BlackElo "2254"]
[TimeControl "180+1"]
[EndTime "12:59:35 PDT"]
[Termination "Alliswell998 won by resignation"]

1. e4 c5 2. Nc3 Nc6 3. f4 g6 4.
Nf3 Bg7 5. Bb5 Nd4 6. O-O Nxb5 7. Nxb5 d5 8. exd5 a6 9. Nc3 Nf6 10. d4 c4 11. Qe2 Nxd5 12. Qxc4 Be6 13. Ng5 Nb6 14. Nxe6 Nxc4 15. Nxd8 Bxd4+ 16. Kh1 Rxd8 17. Ne2 Bg7 18. c3 O-O 19. b3 Nd2 20. Rd1 Ne4 21. Be3 Nxc3 22. Nxc3 Bxc3 23. Rac1 Bb2 24. Rb1 Bf6 25.
Kg1 e6 26. Kf2 Rxd1 27. Rxd1 Rd8 28. Rc1 Rd7 29. Rc8+ Kg7 30. Ke2 e5 31. Bc5 h5 32.
Bf8+ Kh7 33. fxe5 Bxe5 34. h3 g5 35. Rc5 Bf6 36. Ra5 Kg6 37. Bb4 Bd4 38. Bd2 f6 39.
Ra4 Be5 40. Rc4 Rc7 41. Rb4 Kf5 42. g4+ hxg4 43. hxg4+ Ke6 44. Rb6+ Kd5 45. Kd3 Rd7 46. Be3 Bc7 47. Rb4 Ke6+ 48. Ke2 Be5 49. Rb6+ Kd5 50. Rb4 Rc7 51. Bd2 Bc3 52. Rb6 Bxd2 53. Kxd2 Ke5 54. Ke3 Rc3+ 55. Kf2 Rc7 56. Kf3 Rc3+ 57. Kf2 Rc2+ 58.
Kf3 Rxa2 59. Rxb7 Rb2 60. Rb6 a5 61. Rb5+ Ke6 62. Rb6+ Kf7 63. Rb5 a4 64. bxa4 Ra2 65. Ra5 Ke6 66. Ra6+ Ke5 67. Ra5+ Ke6 68. Ra8 Ra3+ 69.
Ke4 Ra1 70. Ra6+ Kf7 71. a5 Ra4+ 72. Kf3 Rf4+ 73. Kg3 Ra4 74. Ra8 Ke6 75. a6 Kf7 76. Kf3 Kg7 77. a7 Kg6 78. Ke3 Kf7 79. Rh8 Ra3+ 80.
Kd2 Ra2+ 81. Kc1 Ra1+ 82. Kb2 Rxa7 83. Rh7+ Ke6 84. Rxa7 Ke5 85. Ra5+ Kf4 86. Rf5+ Kxg4 87. Rxf6 Kh3 88. Kc3 g4 89. Kd2 g3 90. Ke2 Kg2 91. Rg6 Kh2 92. Kf3 1-0

[Event "*** Titled Tuesday Blitz"]
[Site "Chess.com"]
[Date "2020.05.19"]
[Round "5"]
[White "CrushingKings"]
[Black "ChelsieMonica"]
[Result "1/2-1/2"]
[WhiteElo "2501"]
[BlackElo "2349"]
[TimeControl "180+1"]
[EndTime "12:59:43 PDT"]
[Termination "Game drawn by repetition"]

1. e4 e5 2. Nf3 Nc6 3. Bc4 Bc5 4. c3 Nf6 5. d3 O-O 6. O-O d6 7. Bb3 h6 8. h3 a5 9. Nbd2 Be6 10. Bc2 Ba7 11.
Re1 Re8 12. Nf1 Qc8 13. Ng3 d5 14. Qe2 d4 15. c4 Bc5 16. Nh4 Ne7 17. Qf3 Ra6 18.
Bxh6 gxh6 19. Qxf6 Bxh3 20. Qxe5 Bd6 21. Qxd4 Qg4 22.
Nf3 Bxg3 23. fxg3 Qxg3 24. Qf2 Qg7 25. Kh2 Bg4 26. e5 Rd8 27. Re4 Bf5 28. Re3 Rg6 29. d4 Rg4 30. Rf1 Kh8 31. Rc3 Bxc2 32. Qxc2 Rg8 33. Rf2 Ng6 34. Qf5 Nh4 35. Nxh4 Rxh4+ 36. Kg1 Rxd4 37. Qxf7 Rd1+ 38. Kh2 Rd4 39. Qxg7+ Rxg7 40. Re3 Re7 41. Rc2 Kg7 42. Rcc3 Rh4+ 43. Kg1 Rh5 44. b3 Rhxe5 45. Rg3+ Kh7 46. Rcf3 Re1+ 47.
Kh2 R1e2 48. a4 Rb2 49. Rf5 Rg7 50. Rxg7+ Kxg7 51. Rxa5 Rxb3 52. Ra7 Rb4 53. c5 Kf6 54.
a5 Ke5 55. a6 bxa6 56. Rxc7 Rh4+ 57. Kg3 Rh5 58. Ra7 Kd4 59. Rxa6 Rg5+ 60. Kh3 Rxc5 61.
Rxh6 Ke4 62. Rf6 Ke5 63. Rf1 Rc3+ 64. g3 Rc8 65. Kg4 Rg8+ 66. Kh3 Ke6 67. g4 Rg6 68. Kg3 Rf6 69. Ra1 Kf7 70. Ra7+ Kg6 71. Ra5 Rc6 72. Kh4 Rb6 73. Rd5 Kh6 74. Rd7 Kg6 75.
Re7 Ra6 76. Re5 Rb6 77. Rg5+ Kh6 78. Rc5 Kg6 79. Kg3 Rb3+ 80. Kh4 Rb6 81. Re5 Kh6 82.
Kg3 Kg6 83. Kf4 Rb4+ 84. Kg3 Rb6 85. Ra5 Kh6 86. Kh4 Kg6 87. g5 Rb4+ 88. Kg3 Rc4 89. Kf3 Rb4 90. Kg3 Rc4 91. Rd5 Rb4 92. Rc5 Ra4 93.
Rb5 Rc4 94. Rd5 Ra4 95. Rb5 Rc4 96. Ra5 Rb4 97. Rc5 Ra4 98. Re5 Rb4 99. Kf3 Ra4 100. Rb5 Rc4 101. Ra5 Rb4 102. Rd5 Ra4 103. Rc5 Rb4 104.
Ra5 Rc4 105. Ke3 Rb4 106. Kf3 Rc4 107. Rb5 Ra4 108. Rc5 Rb4 109. Kg3 1/2-1/2